 Dungeon Crawl Stone Soup version 0.32-a0-136-gc02482bde3 (webtiles) character file.

Game seed: 5061211429432096465

46 BubbleThief the Chopper (level 3, -5/34 HPs)
             Began as a Hill Orc Fighter on Feb 11, 2024.
             Killed from afar by Natasha (9 damage)
             ... with a magic dart
             ... on level 2 of the Dungeon.
             The game lasted 00:01:19 (930 turns).

BubbleThief the Chopper (Hill Orc Fighter)           Turns: 930, Time: 00:01:20

Health: -5/34      AC:  8    Str: 20    XL:     3   Next: 68%
Magic:  3/3        EV:  9    Int:  8    God:
Gold:   60         SH:  4    Dex: 10    Spells: 2/2 levels left

rFire   . . .        a - +0 war axe
rCold   . . .        c - +0 buckler
rNeg    . . .        b - +0 scale mail
rPois   .            (no helmet)
rElec   .            (no cloak)
rCorr   .            (no gloves)
SInv    .            f - +0 pair of boots
Will    .....        (no amulet) Stlth
                     (no ring)
HPRegen 0.25/turn    (no ring)
MPRegen 0.08/turn

%: no passive effects
@: no status effects
A: no striking features
a: no special abilities


You were on level 2 of the Dungeon.
You visited 1 branch of the dungeon, and saw 2 of its levels.

You collected 60 gold pieces.

Inventory:

Hand Weapons
 a - a +0 war axe (weapon)
Armour
 b - a +0 scale mail (worn)
 c - a +0 buckler (worn)
 f - a +0 pair of boots (worn)
Scrolls
 g - 2 scrolls of fear {unknown}
 k - 3 scrolls of identify {unknown}
 l - a scroll of poison {unknown}
 m - a scroll of vulnerability {unknown}
 n - a scroll of torment {unknown}
Potions
 d - a potion of might
 e - a potion of curing {unknown}
 h - a potion of brilliance {unknown}
 i - a potion of enlightenment {unknown}
 j - a potion of heal wounds {unknown}
 o - a potion of cancellation {unknown}


   Skills:
 + Level 4.3 Fighting
 * Level 4.5 Axes
 - Level 3.2 Armour
 - Level 3.2 Shields


You had 2 spell levels left.
You didn't know any spells.
Your spell library contained the following spells:

 Spells                   Type           Power      Damage    Failure   Level
 Freeze                   Ice            0%         1d3       83%         1
 Magic Dart               Conj           0%         1d3       83%         1
 Searing Ray              Conj           0%         2d4       93%         2
 Inner Flame              Hex/Fire       0%         N/A       99%         3
 Flame Wave               Conj/Fire      0%         2d4       100%        4
 Fulminant Prism          Conj/Alch      0%         3d5       100%        4
 Sticky Flame             Fire/Alch      0%         2d4       100%        4


Dungeon Overview and Level Annotations

Branches:
Dungeon (2/15)

Altars:

Shops:
D:1 =

Annotations:
D:2 Natasha


Message History

You hit the bat but do no damage. The bat misses you.
The bat hits you but does no damage. x2
You slash the bat!
You kill the bat!
No target in view!
You see here a bat corpse.
Natasha, Servant of Life and Death comes into view.
Natasha mumbles some strange words.
Natasha's front paws start to glow.
Natasha is nearby!
Natasha stares at you and mumbles some strange words.
The magic dart hits you. You block Natasha's attack.
You barely miss Natasha. Natasha claws you!
You closely miss Natasha. Natasha closely misses you. Natasha claws you.
You slash Natasha!
Natasha is almost dead.
Natasha claws you but does no damage.
You barely miss Natasha.
Natasha is almost dead.
Natasha claws you.
You hit Natasha.
Natasha is almost dead.
Natasha claws you.
Unknown command.
You hit Natasha but do no damage.
Natasha is almost dead.
Natasha wildly gestures.
Natasha's front paws start to glow.
Natasha claws you but does no damage.
Natasha howls an incantation.
You feel disoriented. Natasha claws you!
* * * LOW HITPOINT WARNING * * *
You barely miss Natasha.
Natasha is almost dead.
Natasha stares at you and mumbles some strange words.
The magic dart hits you!
You die...
Natasha curls up and begins to purr.

###### #+##### ..##..
......# ..##.# #.....#
..##.# #.....###
.....######## #........
............####........
......#......#......#
#.##........†..#@...#
♣.#......##.#..#.h..#
.........##...(##.......
♣+.......##.............
.........#.........##...
......####.....##.## ..
......# #...### .# #
......). #.... .#
####.....


You could see Natasha.

Vanquished Creatures
  A dart slug (D:1)
  4 ball pythons
  6 bats
  7 endoplasms
  2 giant cockroaches (D:1)
  2 hobgoblins
  2 jackals (D:1)
  3 quokkas (D:1)
  3 goblins
  8 kobolds
  2 rats (D:2)
40 creatures vanquished.

Notes
Turn   | Place    | Note
-------+----------+-------------------------------------------
     0 | D:1      | BubbleThief the Hill Orc Fighter began the quest for the
                  | Orb.
     0 | D:1      | Reached XP level 1. HP: 19/19 MP: 1/1
    87 | D:1      | Reached XP level 2. HP: 27/27 MP: 2/2
   123 | D:1      | Found Eniclekk's Jewellery Shop.
   271 | D:1      | Reached XP level 3. HP: 27/33 MP: 3/3
   515 | D:1      | Found a faded altar of an unknown god.
   525 | D:1      | Got Plato's Catalogue of Snow
   921 | D:2      | Noticed Natasha
   930 | D:2      | Killed from afar by Natasha

Illustrated notes

Levels and vault maps discovered:
D:1:      tarquinn_simple_flora_water_f, layout_rooms, serial_shops,
          nicolae_shop_rolling_square, shapermc_ecumenical_altar_rom_forum,
          serial_bayou_pond_b, hangedman_decor_riveting, hex_large,
          minmay_misc_feat_enclosed
D:2:      layout_basic, basic_altar, serial_forest, infiniplex_forest_lined_2,
          infiniplex_forest_end_double, infiniplex_forest_straight_2,
          infiniplex_forest_clump_small, infiniplex_forest_fountain,
          infiniplex_forest_lined_1, uniq_natasha, uniq_sigmund,
          uniq_crazy_yiuf_cottage

Skill      XL: |  1  2 |
---------------+-------+-----
Axes           | 3 4 |  4.5
Fighting       | 4 |  4.3
Armour         | |  3.2
Shields        | |  3.2

Action                     || total
---------------------------++-------
  Melee: War axe           ||   109
 Armour: Scale mail        ||   100
  Dodge: Dodged            ||    51
  Block: Buckler           ||    23

Table legend: (Time is in decaauts)
 A = Elapsed time spent in this place.
 B = Non-inter-level travel time spent in this place.
 C = Inter-level travel time spent in this place.
 D = Time resting spent in this place.
 E = Time spent auto-exploring this place.
 F = Levels seen in this place.
 G = Mean time per level.
                   A        B        C        D        E       F      G
               +--------+--------+--------+--------+--------+-----+--------+
         Total |    972 |    956 |     16 |      0 |    707 |   2 |  486.0 |
       Dungeon |    972 |    956 |     16 |      0 |    707 |   2 |  486.0 |
               +--------+--------+--------+--------+--------+-----+--------+

Top non-repeatable levels by time:
     D:1: 803 daAuts
     D:2: 168 daAuts
